AoeStats
← Lukan

Arabia

504160148Analyzed
1v1 RM · 2mo ago on Sep 4, 2026· 46m 34s· 2 players
Game mode
Random Map
Map size
Tiny (2 player)
Population
200
Speed
Normal
Resources
Standard
Victory
Conquest
Starting age
Dark Age
Ending age
Imperial Age
RankedLock teamsTeams togetherTeam positionsShared explorationLock speedFull tech treeHidden civsTurbo modeCheats
Victory
Defeat
🇨🇳 Ethiopians · China
1178
+18
vs
🇵🇪 Khitans · Peru
1212
-18
闲置村民
7:12 Loom
9:23 Feudal Age
13:46 Double-Bit Axe
14:16 Horse Collar
21:06 Castle Age
20:08 Scale Barding Armor
20:27 Fletching
21:05 Padded Archer Armor
21:27 Crossbowman
23:05 Bodkin Arrow
23:53 Bow Saw
24:53 Wheelbarrow
37:11 Imperial Age
37:23 Arbalester
38:52 Bracer
39:08 Leather Archer Armor
40:10 Conscription
42:18 Chemistry
41:11 Heavy Camel Rider
42:00 Thumb Ring
43:52 Two-Man Saw
45:17 Ballistics
45:54 Chain Barding Armor
45:45 Forging
44:59 Light Cavalry
45:59 Husbandry
45:54 Hussar
Lukan
6:59 Loom
9:36 Feudal Age
10:21 Double-Bit Axe
11:19 Town Watch
21:49 Castle Age
20:28 Forging
22:42 Bow Saw
23:27 Wheelbarrow
22:44 Gold Mining
23:10 Scale Barding Armor
25:19 Chain Barding Armor
25:29 Husbandry
28:40 Domestication
31:51 Iron Casting
35:03 Stone Mining
35:26 Pastoralism
35:41 Light Cavalry
37:08 Stone Shaft Mining
37:16 Fletching
40:27 Imperial Age
38:15 Hand Cart
40:03 Elite Skirmisher
40:43 Bodkin Arrow
41:31 Padded Archer Armor
42:28 Conscription
42:24 Thumb Ring
43:03 Ballistics
44:02 Bracer
44:43 Guilds
45:06 Leather Archer Armor
Connection lost

Rejoining the realm…

Still unreachable

The connection could not be restored.

Session expired

The server has moved on; the page needs a fresh start.